 Dungeon Crawl Stone Soup version 0.31-a0-1547-g618ab1f346 (webtiles) character file.

Game seed: 17117164056759015289

2620195 Flugslaktarn the Slayer (level 20, 188/188 HPs)
             Began as a Minotaur Fighter on Jan 2, 2024.
             Was a High Priest of Cheibriados.
             Escaped with the Orb
             ... and 3 runes!
             The game lasted 00:21:40 (27980 turns).

Flugslaktarn the Slayer (Minotaur Fighter)         Turns: 27980, Time: 00:21:41

Health: 188/188    AC: 28    Str: 48    XL:     20   Next: 90%
Magic:  19/19      EV: 25    Int: 16    God:    Cheibriados [*****.]
Gold:   2394       SH: 26    Dex: 29    Spells: 19/19 levels left

rFire   + . .        a - +5 broad axe (spect)
rCold   + . .        D - +0 tower shield
rNeg    . . .        N - +0 gold dragon scales
rPois   +            T - +1 hat {Will+}
rElec   +            C - +2 cloak
rCorr   .            H - +2 pair of gloves
SInv    .            (no boots)
Will    ++...        E - amulet of regeneration Stlth
                     p - +4 ring of protection
HPRegen 1.31/turn    S - ring "Emoramig" {rElec rPois MP-9 Str+8 Dex+3}
MPRegen 0.16/turn

%: no passive effects
@: very slow
A: horns 2, retaliatory headbutt, hooves 2, deformed body, dopey 1, frail 1
0: Orb of Zot
}: 3/15 runes: decaying, abyssal, gossamer
a: Renounce Religion, Bend Time, Temporal Distortion, Slouch, Step From Time


You escaped.
You worshipped Cheibriados.
Cheibriados was extremely pleased with you.
You visited 7 branches of the dungeon, and saw 39 of its levels.
You visited the Abyss 1 time.
You visited 1 bazaar.

You collected 3618 gold pieces.
You spent 1224 gold pieces at shops.

Inventory:

Hand Weapons
 a - a +5 spectral broad axe (weapon)
   (You found it on level 5 of the Dungeon)
 b - a +2 long sword of distortion
   (You took it off a rakshasa on level 14 of the Dungeon)
Missiles
 G - 6 throwing nets
Armour
 C - a +2 cloak (worn)
   (You found it on level 5 of the Dungeon)
 D - a +0 tower shield (worn)
   (You found it on level 12 of the Dungeon)
 H - a +2 pair of gloves (worn)
   (You found it on level 13 of the Dungeon)
 N - +0 gold dragon scales (worn)
   (You found it on level 4 of the Depths)
 T - a +1 hat of willpower (worn)
   (You found it on level 4 of the Spider Nest)
Jewellery
 c - the ring of Linearity {rPois rN+ Dex+3}
   (You found it on level 2 of the Spider Nest)

   [ring of positive energy]

   Dex+3:     It affects your dexterity (+3).
   rPois:     It protects you from poison rN+: It protects you from negative
   energy.
 e - an amulet of reflection
   (You found it on level 5 of the Lair of Beasts)
 f - a ring of protection from fire
   (You took it off a centaur warrior on level 14 of the Dungeon)
 k - a ring of resist corrosion
   (You took it off a salamander on level 12 of the Dungeon)
 p - a +4 ring of protection (left hand)
   (You found it on level 3 of the Lair of Beasts)
 v - a +5 ring of evasion
   (You found it on level 1 of the Lair of Beasts)
 E - an amulet of regeneration (around neck)
   (You bought it in a shop in a bazaar)
 K - the ring of the Platytaur {rPois rN+ Will+}
   (You bought it in a shop in a bazaar)

   [ring of poison resistance]

   rPois:     It protects you from poison rN+: It protects you from negative
   energy.
   Will+:     It increases your willpower.
 S - the ring "Emoramig" (right hand) {rElec rPois MP-9 Str+8 Dex+3}
   (You acquired it on level 15 of the Dungeon)

   [ring of poison resistance]

   Str+8:     It affects your strength (+8).
   Dex+3:     It affects your dexterity (+3).
   rElec:     It insulates you from electricity.
   rPois:     It protects you from poison MP-9: It affects your magic capacity
   (-9).
Wands
 o - a wand of charming (34)
   (You found it on level 6 of the Dungeon)
 u - a wand of mindburst (61)
   (You found it on level 3 of the Dungeon)
 I - a wand of light (7)
   (You found it on level 11 of the Dungeon)
 P - a wand of roots (12)
   (You found it on level 2 of the Lair of Beasts)
Scrolls
 m - 2 scrolls of vulnerability
 r - 9 scrolls of identify
 t - 5 scrolls of teleportation
 x - 7 scrolls of immolation
 B - 2 scrolls of silence
 J - 2 scrolls of fog
 M - 3 scrolls of fear
Potions
 d - 9 potions of might
 g - 2 potions of berserk rage
 h - 3 potions of haste
 i - 2 potions of invisibility
 n - a potion of resistance
 q - 8 potions of curing
 w - a potion of heal wounds
 A - 3 potions of lignification
 L - 2 potions of magic
 O - 3 potions of mutation
 Q - 8 potions of ambrosia
 R - 3 potions of enlightenment
Miscellaneous
 l - a phantom mirror
   (You found it on level 2 of the Spider Nest)
 F - a condenser vane
   (You found it on level 2 of the Spider Nest)


   Skills:
 * Level 24.8 Fighting
 - Level 18.0 Axes
 + Level 18.4 Armour
 + Level 18.8 Dodging
 * Level 20.4 Shields
 - Level 12.0 Invocations


You had 19 spell levels left.
You didn't know any spells.
Your spell library contained the following spells:

 Spells                   Type           Power      Damage    Failure   Level
 Apportation              Tloc           0%         N/A       85%         1
 Shock                    Conj/Air       0%         1d3       85%         1
 Sting                    Conj/Alch      0%         1d3       85%         1
 Blink                    Tloc           0%         N/A       94%         2
 Jinxbite                 Hex            0%         N/A       94%         2
 Lesser Beckoning         Tloc           0%         N/A       94%         2
 Mercury Vapours          Alch/Air       0%         N/A       94%         2
 Momentum Strike          Conj/Tloc      0%         3d8       94%         2
 Scorch                   Fire           0%         2d5       94%         2
 Dazzling Flash           Conj/Hex       0%         N/A       99%         3
 Frozen Ramparts          Ice            0%         1d1       99%         3
 Hailstorm                Conj/Ice       0%         3d5       99%         3
 Mephitic Cloud           Conj/Alch/Air  0%         N/A       99%         3
 Summon Ice Beast         Ice/Summ       0%         N/A       99%         3
 Swiftness                Air            0%         N/A       99%         3
 Tukima's Dance           Hex            0%         N/A       99%         3
 Airstrike                Air            0%         2d(0-16)  100%        4
 Anguish                  Hex/Necr       0%         N/A       100%        4
 Animate Dead             Necr           0%         N/A       100%        4
 Cause Fear               Hex            0%         N/A       100%        4
 Dimensional Bullseye     Hex/Tloc       0%         N/A       100%        4
 Flame Wave               Conj/Fire      0%         2d4       100%        4
 Iskenderun's Mystic Bla  Conj/Tloc      0%         2d3       100%        4
 Leda's Liquefaction      Alch/Erth      0%         N/A       100%        4
 Olgreb's Toxic Radiance  Alch           0%         N/A       100%        4
 Petrify                  Alch/Erth      0%         N/A       100%        4
 Alistair's Intoxication  Alch           0%         N/A       100%        5
 Borgnjor's Vile Clutch   Necr/Erth      0%         N/A       100%        5
 Curse of Agony           Necr           0%         N/A       100%        5
 Metabolic Englaciation   Hex/Ice        0%         N/A       100%        5
 Silence                  Hex/Air        0%         N/A       100%        5
 Death Channel            Necr           0%         N/A       100%        6
 Sculpt Simulacrum        Ice/Alch       0%         N/A       100%        6
 Summon Cactus Giant      Summ           0%         N/A       100%        6
 Enfeeble                 Hex            0%         N/A       100%        7
 Malign Gateway           Summ/Tloc      0%         N/A       100%        7
 Summon Horrible Things   Summ           0%         N/A       100%        8


Dungeon Overview and Level Annotations

Branches:
Dungeon (15/15)            Temple (0/1) D:5            Lair (5/5) D:10
  Swamp (4/4) Lair:2       Spider (4/4) Lair:2        Slime (0/5) Lair:5
    Orc (2/2) D:10            Elf (0/3) Orc:2        Vaults (0/5) D:14
 Depths (4/4) D:15            Zot (5/5) Depths:4

Altars:
Ashenzari
Cheibriados
Elyvilon
Fedhas
Nemelex Xobeh
Okawaru
Ru
Uskayaw
Vehumet
Yredelemnul
Zin
Jiyva

Shops:
D:3 (=!   D:10 [   D:14 (   D:15 :*   Orc:2 [?*:?(

Portals:
Hell: Depths:1 Depths:4
Pandemonium: Depths:2
Trove: D:10 (give 13 scrolls of teleportation)

Annotations:
D:4 1 runed translucent door, Flugslaktarn's ghost, amateur MiFi


Innate Abilities, Weirdness & Mutations

You have a pair of horns on your head.
You reflexively headbutt those who attack you in melee.
You have hoof-like feet.
Armour fits poorly on your strangely shaped body.
You are dopey. (Int -2)
You are frail. (-10% HP)


Message History

A Jompoa Mygu, an ice devil and a large abomination come into view.
Unknown command.
Jompoa Mygu moves out of view.
The ice devil moves out of view.
The large abomination moves out of view. 2 hellwings come into view.
You hit the hellwing but do no damage. You kick the hellwing!
The hellwing is moderately wounded.
You slash the hellwing! You kick the hellwing. You headbutt the hellwing.
The hellwing is severely wounded.
Blink to where?
Press: ? - help, Dir - move target
As you read the scroll of blinking, it crumbles to dust.
The hellwing swoops through the air toward you!
You block the hellwing's attack. The hellwing completely misses you.
Unknown command.
The hellwing attacks as it pursues you! You block the hellwing's attack. x2
The hellwing barely misses you. You furiously retaliate!
You headbutt the hellwing!
The hellwing hits you but does no damage.
You block the hellwing's attack. x2
You block the hellwing's attack. x2
The hellwing swoops through the air toward you!
You block the hellwing's attack. x2
The hellwing hits you but does no damage.
The hellwing barely misses you. The hellwing completely misses you.
You furiously retaliate!
You headbutt the hellwing! The hellwing hits you!
You barely miss the hellwing. You kick the hellwing.
Your headbutt misses the hellwing.
The hellwing is almost dead.
You open the hellwing like a pillowcase!!!
You kill the hellwing!
Cheibriados appreciates the change of pace.
Your +5 spectral broad axe hits the hellwing.
You block the hellwing's attack. The hellwing barely misses you.
You can't go up here!
You slice the hellwing!!
You kill the hellwing!
Cheibriados appreciates the change of pace.
Your +5 spectral broad axe disappears.
There is a stone staircase leading up here.
Jompoa Mygu calls on the powers of darkness!
Your body is wracked with pain!
You climb upwards.
There is a stone staircase leading down here.
You see here a +0 whip of electrocution.
A Brimstone Fiend comes into view.
You hit the Brimstone Fiend. You headbutt the Brimstone Fiend.
The Brimstone Fiend is lightly wounded.
Your +5 spectral broad axe hits the Brimstone Fiend!!
You hit the Brimstone Fiend but do no damage.
You kick the Brimstone Fiend!
You headbutt the Brimstone Fiend, but do no damage.
The Brimstone Fiend is heavily wounded.
Your +5 spectral broad axe hits the Brimstone Fiend!
You slash the Brimstone Fiend!
The Brimstone Fiend is severely wounded.
Your +5 spectral broad axe hits the Brimstone Fiend!!
You block the Brimstone Fiend's attack. x2
The Brimstone Fiend barely misses you.
You slash the Brimstone Fiend!
You kill the Brimstone Fiend!
Cheibriados appreciates the change of pace.
Your +5 spectral broad axe disappears.
No target in view!
There is an open door here.
There is an open door here.
A hell beast comes into view.
Unknown command.
The hell beast completely misses you. x2; You block the hell beast's attack.
The hell beast misses you. The hell beast barely misses you.
You block the hell beast's attack.
You slash the hell beast!
You kick the hell beast, but do no damage.
Your headbutt misses the hell beast.
The hell beast is lightly wounded.
Your +5 spectral broad axe misses the hell beast.
You block the hell beast's attack. The hell beast closely misses you.
You hit the hell beast but do no damage.
You kick the hell beast!
The hell beast is moderately wounded.
Your +5 spectral broad axe hits the hell beast!
You block the hell beast's attack. x2
You slice the hell beast!!
The hell beast is severely wounded.
Your +5 spectral broad axe hits the hell beast!
The hell beast bites your +5 spectral broad axe!!
Your spectral weapon shares its damage with you!
The hell beast tramples your +5 spectral broad axe!!
Your spectral weapon shares its damage with you!
Your +5 spectral broad axe holds its ground!
Your +5 spectral broad axe disappears.
The hell beast howls!
You slash the hell beast! You headbutt the hell beast!
You kill the hell beast!
Cheibriados thoroughly appreciates the change of pace.
HP restored.
There is a staircase leading out of the dungeon here.
Unknown command.
Enter note: gg You have escaped!

# ### #..
################.#
#.............>#.#
#..#..#..#..#..#.#
#................#
#..............#.#
#@............>#.#
#..............#.#
#................#
#..#..#..#..#..###
#.............>#
################


There were no monsters in sight!

Vanquished Creatures
  A seraph (D:10)
  A dread lich (Zot:5)
  An orb of fire (Zot:5)
  Bai Suzhen (Depths:2)
  A Killer Klown (Zot:4)
  Margery (Depths:4)
  A caustic shrike (Depths:2)
  3 golden dragons
  Jory (Depths:4)
  the Enchantress (Depths:2)
  A Brimstone Fiend (D:1)
  A hellephant (Depths:4)
  Jorgrun (Orc:1)
  2 electric golems (Zot:2)
  2 tentacled monstrosities
  3 liches
  Asterion (Spider:4)
  11 Orb Guardians
  A quicksilver dragon (Zot:3)
  4 death cobs (Zot:5)
  An Executioner (Depths:2)
  A sphinx (Depths:3)
  A thorn hunter (Swamp:1)
  3 shadow dragons
  2 storm dragons
  A draconian monk (Zot:2)
  Roxanne (D:14)
  3 frost giants (Depths:2)
  3 emperor scorpions
  The ghost of Itzepur the Fencer, an adept DsWn of Gozag (Spider:2)
  4 fire giants
  2 angels (D:10)
  3 ghost moths
  2 draconian stormcallers
  4 spriggan defenders
  A cacodemon (Zot:1)
  3 draconian annihilators
  5 stone giants
  A broodmother (Spider:4)
  6 very ugly things (Depths:2)
  3 green draconians
  3 red draconians
  2 vampire knights
  4 black draconians
  3 bunyips
  2 yellow draconians
  4 purple draconians
  9 spark wasps
  A deep elf death mage (Depths:3)
  3 white draconians
  Snorg (Orc:1)
  2 crystal guardians (Abyss:3)
  A yaktaur captain (D:12)
  3 green deaths
  4 fire dragons
  10 entropy weavers
  Josephine (D:11)
  2 ettins
  15 hydras
  3 ice dragons
  3 great orbs of eyes (shapeshifter) (Abyss:3)
  2 rakshasas
  3 catoblepae
  A great orb of eyes (Swamp:4)
  9 alligators
  2 ogre magi
  10 centaur warriors
  3 ghost crabs
  Harold (D:9)
  5 spriggan air magi
  A jorogumo (Spider:4)
  13 boulder beetles
  3 two-headed ogres (Orc:2)
  A dancing weapon (D:12)
  3 hell beasts
  7 radroaches
  A death yak (Lair:5)
  11 deep troll shamans
  6 tengu warriors
  Urug (Lair:1)
  4 spriggan berserkers
  7 demonic crawlers
  2 orc high priests (Orc:2)
  4 deep troll earth magi (Depths:4)
  6 thrashing horrors
  A soul eater (Depths:2)
  10 hell knights
  Sonja (Orc:2)
  Nergalle (Lair:2)
  A skyshark (Lair:4)
  3 skeletal warriors (D:14)
  20 spriggans
  5 iron trolls
  A sea snake (shapeshifter) (D:14)
  3 large abominations
  8 pharaoh ants
  17 deep trolls
  A goliath frog (Swamp:1)
  A golden dragon skeleton (Depths:2)
  A cherub (D:10)
  2 sun moths
  2 spriggan druids (Swamp:4)
  A sun moth (shapeshifter) (D:15)
  12 orb spiders
  2 lindwurms
  A tengu zombie (Depths:2)
  A spectral hydra (Lair:2)
  8 swamp dragons
  A glowing orange brain (Abyss:4)
  A harpy (shapeshifter) (D:13)
  9 bog bodies
  3 necromancers
  3 phantasmal warriors
  14 orc knights
  9 steelbarb worms
  A sphinx simulacrum (Depths:2)
  29 ugly things
  2 orc sorcerers (Orc:2)
  5 manticores
  3 will-o-the-wisps (Swamp:4)
  14 wolf spiders
  A salamander (shapeshifter) (D:12)
  9 moths of wrath
  2 oklob plants (Lair:1)
  A salamander (D:15)
  Maurice (Orc:1)
  4 deep elf pyromancers
  5 elephants (Lair:3)
  9 cyclopes
  A cyclops (shapeshifter) (Depths:2)
  7 kobold blastminers
  18 meliai
  A water nymph (D:15)
  2 guardian serpents (shapeshifter) (Abyss:3)
  A rust devil (D:12)
  7 black mambas
  9 torpor snails
  4 gargoyles
  2 orange demons (Swamp:4)
  3 molten gargoyles (Lair:5)
  13 cane toads
  4 kobold demonologists
  2 rime drakes
  14 komodo dragons
  9 unseen horrors
  2 efreet
  2 freezing wraiths
  A tengu conjurer (Depths:2)
  4 yaktaurs (D:15)
  A guardian mummy (D:10)
  A merfolk (shapeshifter) (Depths:4)
  A troll (shapeshifter) (D:15)
  An ice devil (D:2)
  A red devil (D:15)
  3 tyrant leeches
  6 polar bears
  14 hornets
  A queen bee (shapeshifter) (D:13)
  A bloated husk (Swamp:1)
  A queen bee (Lair:2)
  3 trolls
  2 hellwings (D:2)
  2 spectral elephants (Lair:2)
  25 tarantellas
  6 saltlings (Orc:2)
  A fire giant simulacrum (Depths:2)
  9 dream sheep (Lair:5)
  23 slime creatures
  18 jumping spiders
  8 wraiths
  A vampire (D:13)
  4 shadows
  22 culicivoras
  3 water elementals
  39 yaks
  5 basilisks
  3 wargs
  5 wyverns
  Grum (D:9)
  61 redbacks
  12 vampire mosquitoes
  A neqoxec (Zot:5)
  Menkaure (D:5)
  7 swamp worms
  An acid dragon (D:13)
  14 water moccasins
  2 hell hounds (Lair:5)
  Duvessa (D:7)
  2 swamp drakes
  23 orc warriors
  4 ice beasts
  A black bear (Lair:1)
  A meliai simulacrum (D:14)
  7 ogres
  A boggart (D:12)
  12 centaurs
  10 wolves
  A phantom (D:4)
  2 kobold brigands
  Blork the orc (D:5)
  8 bullfrogs
  2 spectral water moccasins (Lair:2)
  A gnoll sergeant (D:10)
  2 scorpions (D:4)
  A wyvern zombie (D:8)
  A small abomination (Swamp:4)
  17 wights
  Dowan (D:7)
  19 killer bees
  2 howler monkeys (D:7)
  7 electric eels
  A quasit (Abyss:3)
  4 lava snakes (Lair:5)
  2 centaur zombies (D:8)
  3 hounds
  A gnoll bouda (Lair:4)
  2 jellies
  15 orc priests
  4 iguanas
  34 orc wizards
  A howler monkey zombie (D:8)
  8 gnolls
  7 adders
  A shadow imp (D:5)
  2 white imps
  2 dart slugs
  78 orcs
  8 ball pythons
  13 endoplasms
  3 giant cockroaches
  7 hobgoblins
  5 jackals
  16 kobolds
  A quokka (D:3)
  3 training dummies (D:14)
  5 bats
  2 frilled lizards (D:2)
  6 goblins
  7 rats
  A lurking horror (Abyss:3)
  9 spectral weapons
1295 creatures vanquished.

Vanquished Creatures (others)
  A draconian knight (Zot:2)
  3 bloated husks
  A tarantella (Spider:2)
  A culicivora (Spider:2)
  A hell hound (Lair:5)
  An orc (D:10)
  5 foxfires (Swamp:4)
  A lurking horror (Abyss:3)
  55 spectral weapons
69 creatures vanquished.

Grand Total: 1364 creatures vanquished

Notes
Turn   | Place    | Note
-------+----------+-------------------------------------------
     0 | D:1      | Flugslaktarn the Minotaur Fighter began the quest for the
                  | Orb.
     0 | D:1      | Reached XP level 1. HP: 19/19 MP: 0/0
   148 | D:1      | Reached XP level 2. HP: 23/27 MP: 1/1
   247 | D:1      | Reached skill level 4 in Fighting
   571 | D:1      | Reached XP level 3. HP: 33/33 MP: 2/2
   770 | D:1      | Found a faded altar of an unknown god.
  1619 | D:3      | Reached XP level 4. HP: 41/41 MP: 3/3
  1673 | D:3      | Found Vemaim's Jewellery Boutique.
  1692 | D:3      | Found Liejeki's Antique Weapon Boutique.
  1725 | D:3      | Reached skill level 5 in Fighting
  1825 | D:3      | Found a sacrificial altar of Ru.
  1826 | D:3      | Found a snail-covered altar of Cheibriados.
  1861 | D:3      | Became a worshipper of Cheibriados the Contemplative
  1876 | D:3      | Reached XP level 5. HP: 48/48 MP: 4/4
  1923 | D:3      | Found Woih's Distillery.
  2068 | D:4      | Reached skill level 5 in Axes
  2120 | D:4      | Reached skill level 6 in Fighting
  2120 | D:4      | Reached XP level 6. HP: 42/57 MP: 5/5
  2353 | D:4      | Reached * piety under Cheibriados
  2449 | D:4      | Found a runed translucent door.
  2454 | D:4      | Noticed Flugslaktarn's ghost (amateur MiFi)
  2466 | D:4      | Reached skill level 5 in Armour
  2814 | D:4      | Found a hide-covered altar of Uskayaw.
  2923 | D:4      | Reached XP level 7. HP: 64/64 MP: 6/6
  3103 | D:5      | Entered Level 5 of the Dungeon
  3278 | D:5      | Reached skill level 7 in Fighting
  3470 | D:5      | Noticed Blork the orc
  3476 | D:5      | Killed Blork the orc
  3561 | D:5      | Noticed Menkaure
  3569 | D:5      | Killed Menkaure
  3887 | D:5      | Found a sparkling altar of Nemelex Xobeh.
  4084 | D:5      | Found a staircase to the Ecumenical Temple.
  4087 | D:5      | Reached XP level 8. HP: 72/74 MP: 7/7
  4229 | D:6      | Reached skill level 8 in Fighting
  4233 | D:6      | Reached ** piety under Cheibriados
  4695 | D:7      | Identified a scroll of acquirement
  4847 | D:7      | Acquired a manual of Dodging
  4877 | D:7      | Reached skill level 9 in Fighting
  4970 | D:7      | Reached skill level 1 in Dodging
  5206 | D:7      | Found a broken altar of Ashenzari.
  5209 | D:7      | Found a basalt altar of Yredelemnul.
  5308 | D:7      | Noticed Duvessa
  5308 | D:7      | Noticed Dowan
  5314 | D:7      | Killed Duvessa
  5315 | D:7      | Reached XP level 9. HP: 76/85 MP: 8/8
  5322 | D:7      | Killed Dowan
  5882 | D:8      | Found a white marble altar of Elyvilon.
  5903 | D:8      | Reached *** piety under Cheibriados
  5908 | D:8      | Reached skill level 10 in Fighting
  5983 | D:8      | Gained mutation: Your spells are a little harder to cast,
                  | but a little more powerful. [potion of mutation]
  5983 | D:8      | Gained mutation: You are frail. (-10% HP) [potion of
                  | mutation]
  5983 | D:8      | Gained mutation: You occasionally lose the ability to drink
                  | potions when taking damage. [potion of mutation]
  5983 | D:8      | Gained mutation: Your spells are harder to cast, but more
                  | powerful. [potion of mutation]
  5985 | D:8      | Lost mutation: Your spells are harder to cast, but more
                  | powerful. [potion of mutation]
  5985 | D:8      | Lost mutation: You are frail. (-10% HP) [potion of
                  | mutation]
  5985 | D:8      | Gained mutation: Your magical capacity is low. (-10% MP)
                  | [potion of mutation]
  5985 | D:8      | Gained mutation: You have hidden genetic potential. [potion
                  | of mutation]
  5985 | D:8      | Gained mutation: Your muscles are strong. (Str +4, Int/Dex
                  | -1) [potion of mutation]
  5986 | D:8      | Lost mutation: You have hidden genetic potential. [potion
                  | of mutation]
  5986 | D:8      | Lost mutation: Your spells are a little harder to cast, but
                  | a little more powerful. [potion of mutation]
  5986 | D:8      | Gained mutation: You have a pair of large horns on your
                  | head. [potion of mutation]
  5986 | D:8      | Gained mutation: You have large cloven feet. [potion of
                  | mutation]
  5986 | D:8      | Gained mutation: You have hoof-like feet. [potion of
                  | mutation]
  6296 | D:8      | Reached skill level 10 in Axes
  6720 | D:8      | Reached skill level 5 in Dodging
  6790 | D:8      | Reached **** piety under Cheibriados
  6797 | D:8      | Reached skill level 11 in Fighting
  6997 | D:9      | Noticed Harold
  7000 | D:9      | Killed Harold
  7001 | D:9      | Reached XP level 10. HP: 94/96 MP: 8/8
  7023 | D:9      | Identified the +3 dagger "Paetyen" {freeze, rCorr}
  7068 | D:9      | Noticed Grum
  7079 | D:9      | Killed Grum
  7665 | D:10     | Entered Level 10 of the Dungeon
  7665 | D:10     | Noticed a gargoyle
  7668 | D:10     | Killed a gargoyle
  7669 | D:10     | Reached skill level 12 in Fighting
  7782 | D:10     | Found a radiant altar of Vehumet.
  7794 | D:10     | Found an iron altar of Okawaru.
  7993 | D:10     | Reached ***** piety under Cheibriados
  8115 | D:10     | Found Gyceus's Antique Armour Shop.
  8177 | D:10     | Noticed a gargoyle
  8182 | D:10     | Killed a gargoyle
  8490 | D:10     | Found a staircase to the Lair.
  8606 | D:10     | Found a portal to a secret trove of treasure.
  8611 | D:10     | Reached XP level 11. HP: 89/106 MP: 8/8
  8816 | D:10     | Found a staircase to the Orcish Mines.
  8951 | D:11     | Noticed a red ugly thing
  8955 | D:11     | Killed a red ugly thing
  8956 | D:11     | Reached skill level 13 in Fighting
  9133 | D:11     | Noticed a boulder beetle
  9140 | D:11     | Killed a boulder beetle
  9216 | D:11     | Noticed Josephine
  9220 | D:11     | Killed Josephine
  9223 | D:11     | Reached skill level 10 in Armour
  9750 | Lair:1   | Entered Level 1 of the Lair of Beasts
  9762 | Lair:1   | Reached skill level 1 in Invocations
  9767 | Lair:1   | Reached skill level 14 in Fighting
  9773 | Lair:1   | Reached skill level 10 in Dodging
  9876 | Lair:1   | Reached ****** piety under Cheibriados
  9877 | Lair:1   | Reached XP level 12. HP: 108/117 MP: 11/11
  9933 | Lair:1   | Noticed a catoblepas
  9940 | Lair:1   | Killed a catoblepas
 10012 | Lair:1   | Noticed a catoblepas
 10019 | Lair:1   | Killed a catoblepas
 10258 | Lair:1   | Reached skill level 5 in Shields
 10313 | Lair:1   | Noticed Urug
 10320 | Lair:1   | Killed Urug
 10348 | Lair:1   | Found a blossoming altar of Fedhas.
 10715 | Lair:2   | Found a hole to the Spider Nest.
 10742 | Lair:2   | Noticed a boulder beetle
 10746 | Lair:2   | Killed a boulder beetle
 10802 | Lair:2   | Reached skill level 15 in Fighting
 10949 | Lair:2   | Found a staircase to the Swamp.
 10949 | Lair:2   | Noticed a ghost crab
 10949 | Lair:2   | Noticed a ghost crab
 10956 | Lair:2   | Killed a ghost crab
 10958 | Lair:2   | Reached skill level 15 in Axes
 10960 | Lair:2   | Killed a ghost crab
 11293 | Lair:2   | Noticed Nergalle
 11300 | Lair:2   | Killed Nergalle
 11747 | Lair:3   | Reached XP level 13. HP: 127/127 MP: 13/13
 12807 | Lair:4   | Identified the +0 ring mail "Cohoumih" {Rampage MP+9}
 12889 | Lair:4   | Acquired the +1 pair of boots of Wonaoc {Harm rC+ Dex+2}
 13340 | Lair:4   | Reached skill level 16 in Fighting
 13741 | Lair:5   | Entered Level 5 of the Lair of Beasts
 13754 | Lair:5   | Reached skill level 5 in Invocations
 14597 | Lair:5   | Found a viscous altar of Jiyva.
 14597 | Lair:5   | Found a staircase to the Slime Pits.
 14972 | Lair:5   | Reached XP level 14. HP: 138/138 MP: 15/15
 15014 | Lair:5   | Found a large runed translucent door.
 15014 | Lair:5   | Found a large runed translucent door.
 15638 | Orc:1    | Entered Level 1 of the Orcish Mines
 15889 | Orc:1    | Noticed Snorg
 15893 | Orc:1    | Killed Snorg
 15894 | Orc:1    | Reached skill level 17 in Fighting
 15897 | Orc:1    | Noticed Maurice
 15902 | Orc:1    | Killed Maurice
 15903 | Orc:1    | Noticed Jorgrun
 15911 | Orc:1    | Killed Jorgrun
 16167 | Orc:2    | Entered Level 2 of the Orcish Mines
 16478 | Orc:2    | Found Inepong's Magic Scroll Shoppe.
 16478 | Orc:2    | Found Rivudun's Antique Weapon Shop.
 16513 | Orc:2    | Bought a scroll of enchant weapon for 90 gold pieces
 16513 | Orc:2    | Bought a scroll of blinking for 90 gold pieces
 16588 | Orc:2    | Noticed Sonja
 16594 | Orc:2    | Killed Sonja
 16654 | Orc:2    | Found a staircase to the Elven Halls.
 17010 | Orc:2    | Found Plog's Magic Scroll Shoppe.
 17207 | Orc:2    | Found Lylid's Armour Shoppe.
 17213 | Orc:2    | Bought a scroll of enchant armour for 112 gold pieces
 17314 | Orc:2    | Found Guotic's Book Boutique.
 17361 | Orc:2    | Found Dagira's General Store.
 17858 | D:12     | Reached XP level 15. HP: 110/149 MP: 17/17
 18125 | D:12     | Noticed a storm dragon
 18134 | D:12     | Killed a storm dragon
 18139 | D:12     | Reached skill level 18 in Fighting
 18856 | D:13     | Reached skill level 10 in Shields
 19434 | D:14     | Reached skill level 15 in Dodging
 19467 | D:14     | Noticed Roxanne
 19477 | D:14     | Killed Roxanne
 19481 | D:14     | Found an iron altar of Okawaru.
 19633 | D:14     | Found a gate to the Vaults.
 19914 | D:14     | Found Capsysen's Firing Range.
 20302 | D:15     | Entered Level 15 of the Dungeon
 20456 | D:15     | Found Eryudac's Assorted Antiques.
 20460 | D:15     | Reached skill level 19 in Fighting
 20478 | D:15     | Found Reil's Book Shop.
 20558 | D:15     | Found a flickering gateway to a bazaar.
 20567 | Bazaar   | Entered a bazaar
 20567 | Bazaar   | Found Deymiut's Book Emporium.
 20567 | Bazaar   | Found Jiosor's Jewellery Shop.
 20567 | Bazaar   | Found Gukhaesa's Distillery.
 20567 | Bazaar   | Found Ramaecid's Jewellery Shop.
 20673 | Bazaar   | Found Kuoddeji's Weapon Shoppe.
 20673 | Bazaar   | Found Ciruewn's Assorted Antiques.
 20692 | Bazaar   | Bought the ring of the Platytaur {rPois rN+ Will+} for 404
                  | gold pieces
 20692 | Bazaar   | Bought an amulet of regeneration for 330 gold pieces
 20712 | Bazaar   | Bought a potion of might for 36 gold pieces
 20712 | Bazaar   | Bought a potion of heal wounds for 45 gold pieces
 20712 | Bazaar   | Bought a potion of might for 36 gold pieces
 20712 | Bazaar   | Bought a potion of heal wounds for 45 gold pieces
 20712 | Bazaar   | Bought a potion of might for 36 gold pieces
 20818 | D:15     | Found a staircase to the Depths.
 20909 | D:15     | Reached XP level 16. HP: 160/160 MP: 18/18
 21167 | D:15     | Acquired the ring "Emoramig" {rElec rPois MP-9 Str+8 Dex+3}
 21689 | Swamp:1  | Entered Level 1 of the Swamp
 21881 | Swamp:1  | Noticed a thorn hunter
 21894 | Swamp:1  | Killed a thorn hunter
 21977 | Swamp:2  | Lost mutation: Your magical capacity is low. (-10% MP)
                  | [potion of mutation]
 21977 | Swamp:2  | Lost mutation: You occasionally lose the ability to drink
                  | potions when taking damage. [potion of mutation]
 21977 | Swamp:2  | Gained mutation: You have hooves in place of feet. [potion
                  | of mutation]
 21977 | Swamp:2  | Gained mutation: You possess an exceptional clarity of
                  | mind. [potion of mutation]
 22141 | Swamp:4  | Entered Level 4 of the Swamp
 22220 | Swamp:4  | Reached skill level 20 in Fighting
 22513 | Swamp:4  | Reached XP level 17. HP: 158/170 MP: 14/23
 22835 | Swamp:4  | Reached skill level 15 in Armour
 22870 | Swamp:4  | Got a decaying rune of Zot
 23034 | Spider:1 | Entered Level 1 of the Spider Nest
 23463 | Spider:2 | Reached skill level 10 in Invocations
 23692 | Spider:2 | Reached skill level 21 in Fighting
 23731 | Spider:2 | Noticed Itzepur's ghost (adept DsWn)
 23742 | Spider:2 | Found a runed translucent gate.
 23746 | Spider:2 | Found a runed translucent gate.
 23763 | Spider:3 | Found the +5 robe of Night {Dark Will+ SInv}
 23772 | Spider:3 | Reached skill level 15 in Shields
 23844 | Spider:2 | Found a runed translucent gate.
 23862 | Spider:2 | Killed Itzepur's ghost
 23871 | Spider:2 | Identified the ring of Linearity {rPois rN+ Dex+3}
 24193 | Spider:4 | Entered Level 4 of the Spider Nest
 24214 | Spider:4 | Reached XP level 18. HP: 128/182 MP: 0/24
 24222 | Spider:4 | Noticed Asterion
 24229 | Spider:4 | HP: 5/182 [radroach simulacrum (8)]
 24231 | Spider:4 | Killed Asterion
 24624 | Spider:4 | Got a gossamer rune of Zot
 24764 | Spider:4 | Lost mutation: You have hooves in place of feet. [potion of
                  | mutation]
 24764 | Spider:4 | Lost mutation: Your muscles are strong. (Str +4, Int/Dex
                  | -1) [potion of mutation]
 24764 | Spider:4 | Lost mutation: You have a pair of large horns on your head.
                  | [potion of mutation]
 24764 | Spider:4 | Gained mutation: You are dopey. (Int -2) [potion of
                  | mutation]
 24929 | Abyss:3  | Found a corrupted altar of Lugonu.
 24929 | Abyss:3  | Cast into level 3 of the Abyss (unwielding a weapon of
                  | distortion)
 24966 | Abyss:3  | Reached skill level 22 in Fighting
 24983 | Abyss:3  | Noticed a bone dragon
 24987 | Abyss:3  | Got an abyssal rune of Zot
 24994 | Abyss:4  | Found a corrupted altar of Lugonu.
 25003 | Abyss:4  | Noticed a lich
 25016 | Abyss:4  | Killed a lich
 25019 | Lair:2   | Escaped the Abyss
 25205 | Depths:1 | Entered Level 1 of the Depths
 25206 | Depths:1 | Acquired 346 gold pieces
 25230 | Depths:1 | Found a gateway to Hell.
 25426 | Depths:2 | Noticed a golden dragon
 25434 | Depths:2 | Killed a golden dragon
 25445 | Depths:2 | Noticed a lich
 25452 | Depths:2 | Killed a lich
 25453 | Depths:2 | Identified the dragon-blood talisman of the Ageing Gods
                  | {Will+ Str+5}
 25453 | Depths:2 | Noticed Bai Suzhen
 25466 | Depths:2 | Killed Bai Suzhen
 25556 | Depths:2 | Reached XP level 19. HP: 193/193 MP: 17/26
 25601 | Depths:2 | Found a one-way gate leading to the halls of Pandemonium.
 25624 | Depths:2 | Noticed a caustic shrike
 25628 | Depths:2 | Killed a caustic shrike
 25635 | Depths:2 | Lost mutation: You possess an exceptional clarity of mind.
                  | [a shining eye]
 25755 | Depths:2 | Noticed the Enchantress
 25760 | Depths:2 | Killed the Enchantress
 25934 | Depths:3 | Reached skill level 23 in Fighting
 26040 | Depths:4 | Entered Level 4 of the Depths
 26052 | Depths:4 | Noticed Margery
 26053 | Depths:4 | Noticed a hellephant
 26059 | Depths:4 | Killed a hellephant
 26062 | Depths:4 | Killed Margery
 26066 | Depths:4 | Noticed Jory
 26067 | Depths:4 | Killed the ghostly Margery
 26198 | Depths:4 | Killed Jory
 26384 | Depths:4 | Found a glowing silver altar of Zin.
 26697 | Depths:4 | Noticed a golden dragon
 26703 | Depths:4 | Killed a golden dragon
 26704 | Depths:4 | Reached XP level 20. HP: 205/205 MP: 19/28
 26745 | Depths:4 | Noticed a golden dragon
 26755 | Depths:4 | Killed a golden dragon
 26758 | Depths:4 | Found a gate to the Realm of Zot.
 26767 | Zot:1    | Entered Level 1 of the Realm of Zot
 27000 | Zot:2    | Reached skill level 24 in Fighting
 27237 | Zot:5    | Entered Level 5 of the Realm of Zot
 27238 | Zot:5    | Noticed an orb of fire
 27303 | Zot:5    | Noticed a Killer Klown
 27303 | Zot:5    | Noticed a Killer Klown
 27303 | Zot:5    | Noticed a Killer Klown
 27303 | Zot:5    | Noticed an ancient lich
 27303 | Zot:5    | Noticed an orb of fire
 27307 | Zot:5    | Noticed a dread lich
 27309 | Zot:5    | Got the Orb of Zot
 27309 | Zot:5    | Noticed a Killer Klown
 27311 | Zot:5    | Killed a dread lich
 27316 | Zot:5    | Noticed an orb of fire
 27327 | Zot:5    | Gained mutation: Armour fits poorly on your strangely
                  | shaped body. [an orb of fire]
 27327 | Zot:5    | Gained mutation: You are frail. (-10% HP) [an orb of fire]
 27332 | Zot:5    | Killed an orb of fire
 27350 | Zot:5    | Noticed a curse toe
 27353 | Zot:5    | Noticed a Killer Klown
 27361 | Zot:4    | Killed a Killer Klown
 27733 | D:10     | Noticed a seraph
 27739 | D:10     | Killed a seraph
 27891 | D:2      | Noticed Jompoa Mygu the pandemonium lord
 27979 | D:1      | gg
 27980 | D:$      | Escaped with the Orb!

Illustrated notes

# ### #..
################.#
#.............>#.#
#..#..#..#..#..#.#
#................#
#..............#.#
#@............>#.#
#..............#.#
#................#
#..#..#..#..#..###
#.............>#
################


Turn 27979 on D:1: gg

Levels and vault maps discovered:
D:1:      lemuel_arrival_broad_hall, layout_basic,
          shapermc_ecumenical_altar_totnotflames
D:2:      layout_loops_ring
D:3:      layout_rooms, mainiacjoe_overflow_divided_tiny, serial_shops,
          nicolae_shop_hallway_plus, shop, shop
D:4:      layout_loops_corners, general_overflow_altar,
          hellmonk_ghost_happy_afterlife, grunt_ministairs_8
D:5:      layout_loops_ring, nemelex_dance_club_becter,
          minmay_temple_entry_nine_rooms, uniq_blork_the_orc, uniq_menkaure
D:6:      layout_layer_cave
D:7:      layout_cave_pods, mainiacjoe_overflow_catch_the_wave,
          chequers_serial_rivers_small_b, uniq_duvessa
D:8:      layout_loops_corners, kennysheep_mini, serial_undead, serial_undead_b,
          serial_undead_e, serial_undead_a, serial_undead_f, kennysheep_dice
D:9:      layout_rooms, uniq_harold, uniq_grum
D:10:     layout_stronghold, mainiacjoe_overflow_big_doors, lair_entry_dummy,
          erik_orc_2, serial_shops, nicolae_shop_dealshenge,
          nicolae_trove_entry_path_of_doom
D:11:     layout_basic, uniq_josephine
D:12:     minmay_bad_star, layout_loops_ring, hellmonk_talismancer
D:13:     layout_roguey
D:14:     layout_loops_ring, david_vaults_4, basic_altar,
          nicolae_shop_firing_range, uniq_roxanne
D:15:     hangedman_depths_entry_try_elsewhere_first, layout_long_grid,
          minmay_misc_feat_rugged, serial_shops, freezing_bzr,
          nicolae_shop_pleasant_corner_grove, nicolae_lakefront_shop
Lair:1:   layout_big_grid, st_stairs_5, hangedman_tree_tricks,
          grunt_megastairs_4, uniq_urug
Lair:2:   layout_small_grid, nicolae_swamp_entry_spooky, spider_nest_entry_webs,
          special_room [special_room_bee], serial_bayou_shore_a, uniq_nergalle
Lair:3:   layout_gridlike
Lair:4:   statuecave_lemuel, layout_regular_city, serial_bayou,
          serial_bayou_pond_a, serial_bayou_crossing, serial_bayou_lake_a,
          serial_bayou_pond_c, serial_bayou_shore_b, serial_bayou_shore_b,
          dreamdust_gnoll_shepherd
Lair:5:   cheibrodos_lair_end_hotspot, layout_cave_shapes,
          dpeg_slime_entry_enclosed
Swamp:1:  layout_falls_marsh, evilmike_swamp_ruin_house_6, swamp_pool_1_2
Swamp:2:  layout_basic_swamp, serial_swamp_ruin, evilmike_swamp_ruin_rubble_2,
          evilmike_swamp_ruin_house_4, evilmike_swamp_ruin_wall,
          nicolae_swamp_tree_isthmus
Swamp:3:  nicolae_swamp_ascending_descending_big, layout_basic_swamp,
          evilmike_swamp_ruin_house_3, swamp_pool_4
Swamp:4:  swamp_vile, layout_basic_swamp
Spider:1: nicolae_spider_mines_3, hangedman_spider_tarantella_strand
Spider:2: layout_spider_delve, gammafunk_ghost_split, nicolae_orb_stairs
Spider:3: layout_spider_delve
Spider:4: hellmonk_spider_rune_bug_friends, portal_ice_cave_entry_ugly_swarm,
          uniq_asterion
Orc:1:    layout_diamond_mine, uniq_maurice, uniq_snorg, uniq_jorgrun
Orc:2:    hellmonk_orc_salted, layout_diamond_mine, guppyfry_orc_lava_fort,
          uniq_sonja
Depths:1: layout_gridlike, enter_ziggurat_c, grunt_decor_junction,
          hangedman_tar_grid_catacomb, gammafunk_ghost_icy,
          kennysheep_generic_room_8, uniq_aizul
Depths:2: minmay_curly_fans, layout_cave_pools, hangedman_decor_growths,
          grunt_pan_entry_spiral, pf_coc_iceberg, minivault_14, abandoned_shop,
          drop_trap, uniq_enchantress, uniq_bai_suzhen
Depths:3: hellmonk_paralyzer, layout_cave_shapes, abyss_entry, nicolae_sextant,
          grunt_hell_entry_dis_mu
Depths:4: grunt_zot_entry_gee_three, layout_basic, hell_entry, drop_trap,
          zin_treasury, uniq_margery, uniq_jory
Zot:1:    layout_concentric_octagons
Zot:2:    layout_twisted_circle, regret_index_zotdec_dark_gr,
          skrybe_zot_glass_3, uniq_josephina
Zot:3:    layout_misc_corridors, regret_index_zotdec_wing_it, grunt_megastairs_2
Zot:4:    kennysheep_room_grid, layout_concentric_octagons
Zot:5:    layout_concentric_octagons

Skill      XL: |  1  2  3  4  5  6  7  8  9 10 11 12 13 14 15 16 17 18 19 20 |
---------------+-------------------------------------------------------------+-----
Fighting       | 4 5 6 7 9 11 12 14 15 16 17 19 20 21 22 23 24 | 24.8
Axes           | 3 4 5 6 7 9 11 12 14 15 16 17 18 | 18.0
Armour         | 4 5 6 7 8 9 10 11 12 13 14 15 16 17 18 | 18.4
Dodging        | 2 5 8 10 11 13 14 15 16 17 18 | 18.8
Invocations    | 2 4 5 6 8 9 10 11 12 | 12.0
Shields        | 4 6 7 9 11 13 15 17 18 20 | 20.4

Action                     |  1- 3 |  4- 6 |  7- 9 | 10-12 | 13-15 | 16-18 | 19-21 || total
---------------------------+-------+-------+-------+-------+-------+-------+-------++-------
  Melee: War axe           |   101 |       |       |       |       |       |       ||   101
         Headbutt          |    11 |     6 |    43 |    61 |   128 |   140 |   109 ||   498
         Hand axe          |     7 |    70 |    77 |       |       |       |       ||   154
         Broad axe         |       |       |    87 |   259 |   484 |   559 |   372 ||  1761
         Kick              |       |       |     3 |       |       |   195 |   180 ||   378
 Invoke: Slouch            |       |       |       |     2 |       |    11 |     7 ||    20
         Step From Time    |       |       |       |       |       |       |     2 ||     2
         Temporal Distorti |       |       |       |       |       |       |     2 ||     2
    Use: Scroll            |       |       |    15 |     1 |    11 |     7 |    14 ||    48
         Potion            |       |       |     6 |       |     3 |     3 |     4 ||    16
   Stab: Distracted        |       |       |       |     4 |    14 |    15 |    10 ||    43
         Petrified         |       |       |       |     1 |     2 |       |       ||     3
 Armour: Scale mail        |    77 |    46 |    55 |       |       |       |       ||   178
         Plate armour      |       |       |    64 |    94 |   254 |   248 |       ||   660
         Storm dragon scal |       |       |       |       |       |       |    70 ||    70
         Gold dragon scale |       |       |       |       |       |       |   108 ||   108
  Dodge: Dodged            |    60 |    44 |   106 |   162 |   360 |   410 |   250 ||  1392
  Block: Buckler           |    30 |    19 |    43 |    36 |       |       |       ||   128
         Kite shield       |       |       |       |    65 |   305 |       |       ||   370
         Reflection        |       |       |       |       |    97 |       |       ||    97
         Tower shield      |       |       |       |       |   223 |   746 |   557 ||  1526

Table legend: (Time is in decaauts)
 A = Elapsed time spent in this place.
 B = Non-inter-level travel time spent in this place.
 C = Inter-level travel time spent in this place.
 D = Time resting spent in this place.
 E = Time spent auto-exploring this place.
 F = Levels seen in this place.
 G = Mean time per level.
                   A        B        C        D        E       F      G
               +--------+--------+--------+--------+--------+-----+--------+
         Total |  43465 |  38641 |   4824 |   2145 |  29486 |  42 | 1034.9 |
       Dungeon |  20993 |  18605 |   2388 |    540 |  15399 |  15 | 1399.5 |
          Lair |  10410 |   9252 |   1158 |    490 |   7786 |   5 | 2082.0 |
         Swamp |   2002 |   1783 |    219 |     28 |   1223 |   4 |  500.5 |
   Spider Nest |   3084 |   2705 |    379 |    111 |   1564 |   4 |  771.0 |
  Orcish Mines |   3184 |   3025 |    159 |    373 |   2200 |   2 | 1592.0 |
        Depths |   2550 |   2212 |    338 |    278 |   1173 |   4 |  637.5 |
           Zot |    860 |    678 |    182 |    320 |      0 |   5 |  172.0 |
         Abyss |    145 |    145 |      0 |      5 |      0 |   2 |   72.5 |
        Bazaar |    233 |    233 |      0 |      0 |    140 |   1 |  233.0 |
               +--------+--------+--------+--------+--------+-----+--------+

Top non-repeatable levels by time:
  Lair:5: 2907 daAuts
    D:10: 2422 daAuts
   Orc:2: 2229 daAuts
  Lair:2: 2122 daAuts
  Lair:4: 2008 daAuts
    D:15: 2003 daAuts
     D:8: 1734 daAuts
    D:11: 1707 daAuts
  Lair:1: 1705 daAuts
    D:14: 1684 daAuts
  Lair:3: 1666 daAuts
     D:7: 1651 daAuts
     D:4: 1482 daAuts
    D:12: 1452 daAuts
    D:13: 1435 daAuts
